Mandevil, lawful female dwarven Archeologist --+--- #|..._| ### - #|.<..+ # . #.....| ## . #------ # # u# #### # # # h # ############# ########^## #### # # # ------[--- # * # # ##.........| ###0 # # ##* 0 |*.......| # #* #################.........-######------- ### # #### ### *.--------- #-.....| # -.---.--#0 # |...^.| ##.......|# # 0 |.....| |......|# ) # |.^...| |......|# ### |.....| |......| * ------- |..>...| -------- Mandevil the Field Worker Experience level: 5 Strength: 14 Dexterity: 11 Constitution: 6 Intelligence: 16 Wisdom: 16 Charisma: 10 Health: 0(32) Energy: 26(26) AC: 8 Gold: 350 Moves: 1476 Your Inventory: Coins $ - 350 gold pieces Amulets t - an uncursed amulet called ESP [of ESP] (being worn) Weapons a - an uncursed [+0] silver saber named Grayswandir [Grayswandir] (weapon in hand) D - an uncursed +2 bullwhip (alternate weapon; not wielded) Armor b - an uncursed +0 leather jacket (being worn) c - a blessed +0 fedora n - an uncursed +0 iron skull cap [orcish helm] (being worn) Comestibles d - 2 uncursed food rations i - an uncursed lichen corpse x - an uncursed sprig of wolfsbane B - an uncursed partly eaten food ration Scrolls s - a cursed scroll labeled HZLRC KSTSBD MPFNG [of enchant weapon] y - an uncursed scroll labeled MAPIRO MAHAMA DIROMAT [of identify] A - 2 uncursed scrolls labeled GNIK SISI VLE [of magic mapping] Spellbooks k - an uncursed stylish spellbook [of sleep] Potions j - an uncursed muddy potion [of restore ability] u - an uncursed emerald potion [of gain level] Rings o - an uncursed ring of levitation Wands v - an uncursed wand of magic missile [0:3] Tools e - an uncursed rusty +0 pick-axe f - an uncursed tinning kit (0:87) h - an uncursed sack m - a blessed [magic] lamp called magic lamp w - an uncursed magic whistle Gems g - an uncursed touchstone Spells known in the end: Name Level Category Fail Memory Your skills at the end: Fighting Skills Weapon Skills pick-axe [Basic / Expert] sling [Basic / Skilled] whip [Basic / Expert] Spellcasting Skills Final Attributes: You were devoutly aligned. Hunger level was 126. Your alignment was 17 / 17. Monster difficulty range was 0 - 4. Level difficulty was 4. You resisted hallucinations. You were telepathic. You had infravision. You were stealthy. You were fast. Your luck was zero. You are dead. Vanquished creatures: 2 rock moles a giant ant a little dog a kitten 4 hill orcs 2 coyotes a gas spore a cave spider a green mold a red mold 3 geckos 5 jackals 3 foxes a goblin 3 sewer rats 9 grid bugs 2 lichens a newt 42 creatures vanquished. Voluntary challenges: You used a wielded weapon 54 times. You read items or engraved 15 times. You put on armor 4 times. You never genocided any monsters. You never polymorphed an object. You never changed form. You used no wishes. You wrote Elbereth's name 8 times. You never encountered a bones level. You never used any Sokoban shortcuts. Dungeon overview: The Dungeons of Doom: levels 1 to 4 Level 1 many fountains, a sink a long staircase Level 2 a tool shop, a fountain, a sink Level 3 an altar to Quetzalcoatl, a fountain Level 4 <- You were here an altar to Quetzalcoatl History has recorded: On T:1 you entered the Dungeons of Doom to retrieve the Amulet of Yendor! On T:16 you reached level 2 of The Dungeons of Doom. On T:19 you advanced to experience level 2. On T:579 you advanced to experience level 3. On T:632 you reached level 3 of The Dungeons of Doom. On T:893 you reached level 4 of The Dungeons of Doom. On T:989 you advanced to experience level 4. On T:1333 you advanced to experience level 5. On T:1351 you received Grayswandir from Quetzalcoatl. Latest messages: You are beginning to feel hungry. [HP+1=24] [2 turns] [HP+1=25] You hear someone cursing shoplifters. Pick an object. Never mind. You miss the pony. The pony kicks! The pony bites! The pony kicks! The pony bites! [HP-12=13] You hit the pony. The pony kicks! The pony bites! [HP-3=10] You miss the pony. The pony kicks! The pony just misses! [HP-1=9] You miss the pony. The pony kicks! The pony bites! The pony kicks! You die... Final status: Goodbye Mandevil the Archeologist... You died in The Dungeons of Doom on dungeon level 4 with 513 points, and 350 pieces of gold, after 1476 moves. You were level 5 with a maximum of 32 hit points when you died.